 Seeded DCSS version 0.30.1 (webtiles) character file.

Game seed: 6351066067085065685 (custom seed)

4 Esekla the Grave Robber (level 1, -1/10 HPs)
             Began as a Deep Elf Necromancer on July 6, 2023.
             Slain by a ball python (2 damage)
             ... on level 1 of the Dungeon.
             The game lasted 00:01:21 (189 turns).

Esekla the Grave Robber (Deep Elf Necromancer)       Turns: 189, Time: 00:01:22

Health: -1/10      AC:  2    Str:  5    XL:     1   Next: 58%
Magic:  6/6        EV:  9    Int: 19    God:
Gold:   0          SH:  0    Dex: 15    Spells: 5/6 levels left

rFire   . . .        c - +0 short sword
rCold   . . .        (no shield)
rNeg    . . .        a - +0 robe
rPois   .            (no helmet)
rElec   .            (no cloak)
rCorr   .            (no gloves)
SInv    .            (no boots)
Will    .....        (no amulet)
Stlth   ++           (no ring)
HPRegen 0.21/turn    (no ring)
MPRegen 0.10/turn

%: no passive effects
@: constricted
A: no striking features
a: no special abilities


You were on level 1 of the Dungeon.
You visited 1 branch of the dungeon, and saw 1 of its levels.

Inventory:

Hand Weapons
 c - a +0 short sword (weapon)
Armour
 a - a +0 robe (worn)
Scrolls
 e - a scroll of fear {unknown}
Potions
 b - a potion of magic
 d - a potion of ambrosia {unknown}


   Skills:
 * Level 2.5 Dodging
 + Level 2.5 Stealth
 * Level 3.2 Spellcasting
 + Level 4.9 Necromancy


You had 5 spell levels left.
You knew the following spells:

 Your Spells              Type           Power      Damage    Failure   Level
a - Necrotise             Necr           84%        1d8       1%          1

Your spell library contained the following spells:

 Spells                   Type           Power      Damage    Failure   Level
 Vampiric Draining        Necr           21%        2d7       6%          3
 Animate Dead             Necr           21%        N/A       19%         4
 Agony                    Necr           21%        N/A       47%         5


Dungeon Overview and Level Annotations

Branches:
Dungeon (1/15)

Altars:


Message History

You open the door.
There is an open door here.
Found a puce potion.
A ball python and a frilled lizard come into view.
A goblin comes into view. It is wielding a +0 club.
Found a runed orb.
The goblin shouts!
The frilled lizard hisses angrily.
A bat comes into view.
A ball python comes into view.
The frilled lizard closely misses you.
You barely miss the frilled lizard. The frilled lizard barely misses you.
The bat barely misses you.
The frilled lizard attacks as you move away!
The frilled lizard closely misses you. The bat closely misses you.
You hit the bat but do no damage. The bat hits you but does no damage.
The bat attacks as you move away! The bat hits you.
The ball python attacks as you move away!
The ball python bites you. The ball python closely misses you.
The bat barely misses you.
You barely miss the bat. The bat closely misses you. The ball python bites you.
The ball python completely misses you.
You barely miss the ball python. The ball python bites you.
* * * LOW HITPOINT WARNING * * *
The ball python grabs you. The ball python constricts you.
You barely miss the ball python. The ball python closely misses you.
The ball python constricts you.
You closely miss the ball python.
The ball python bites you but does no damage.
The ball python constricts you.
You hit the ball python.
The ball python is heavily wounded.
The ball python bites you but does no damage.
The ball python constricts you.
You closely miss the ball python.
The ball python is heavily wounded.
The ball python bites you.
* * * LOW HITPOINT WARNING * * *
The ball python constricts you.
* * * LOW HITPOINT WARNING * * *
The ball python bites you.
You die...

#≈≈~≈≈#####..####
#≈~≈~≈#.........#
#~≈~≈~#.........#
#≈~≈~≈#.........#
####+###.####.####
#........ #.####
..?..# #....# .
##.b########..#
...#..lS@.......##
.....#g##########
##......#
#.#....S# #.......
#....##... [.....#
##... #!...... ..
#.#..... .


You could see a goblin, a bat, a ball python and a frilled lizard.

Vanquished Creatures
  A ball python (D:1)
  A goblin (D:1)
  2 kobolds (D:1)
4 creatures vanquished.

Notes
Turn   | Place    | Note
-------+----------+-------------------------------------------
     0 | D:1      | Esekla the Deep Elf Necromancer began the quest for the
                  | Orb.
     0 | D:1      | Reached XP level 1. HP: 10/10 MP: 6/6
   189 | D:1      | Slain by a ball python

Illustrated notes

Levels and vault maps discovered:
D:1:      sevenhm_arrival_forest_fort_small_3, layout_rooms,
          chequers_serial_rivers_room_b, minmay_misc_feat_five

Action                     || total
---------------------------++-------
  Melee: Short sword       ||    14
         Unarmed           ||     9
         Punch             ||     1
   Stab: Sleeping          ||     1
 Armour: Robe              ||     5
  Dodge: Dodged            ||    17
